 Dungeon Crawl Stone Soup version 0.28-a0-1567-g1695149f81 (webtiles) character file.

Game seed: 977973265055055447

7 soggyman666 the Chopper (level 1, -3/20 HPs)
             Began as a Minotaur Monk on Jan 20, 2022.
             Slain by a kobold (5 damage)
             ... on level 1 of the Dungeon.
             The game lasted 00:00:20 (177 turns).

soggyman666 the Chopper (Minotaur Monk)              Turns: 177, Time: 00:00:21

Health: -3/20      AC:  2    Str: 15    XL:     1   Next: 91%
Magic:  0/0        EV: 13    Int:  7    God:
Gold:   10         SH:  0    Dex: 12    Spells: 0/0 levels left

rFire   . . .      SeeInvis .   a - +0 hand axe
rCold   . . .      Faith    .   (no shield)
rNeg    . . .      Spirit   .   b - +0 robe
rPois   .          Reflect  .   (helmet restricted)
rElec   .          Harm     .   (no cloak)
rCorr   .          Rampage  .   (no gloves)
Will    .....                   (no boots)
Stlth   ++........              (no amulet)
HPRegen 0.06/turn               (no ring)
MPRegen 0.07/turn               (no ring)

@: no status effects
A: horns 2, retaliatory headbutt
a: no special abilities


You were on level 1 of the Dungeon.
You visited 1 branch of the dungeon, and saw 1 of its levels.

You collected 10 gold pieces.

Inventory:

Hand Weapons
 a - a +0 hand axe (weapon)
Armour
 b - a +0 robe (worn)
Scrolls
 c - a scroll of magic mapping {unknown}
 d - a scroll of enchant armour {unknown}


   Skills:
 + Level 3.8 Fighting
 + Level 3.9 Axes
 + Level 3.4 Dodging
 + Level 1.6 Stealth


You couldn't memorise any spells.
You didn't know any spells.
Your spell library was empty.

Dungeon Overview and Level Annotations

Branches:
Dungeon (1/15)

Altars:


Innate Abilities, Weirdness & Mutations

You have a pair of horns on your head.
You reflexively headbutt those who attack you in melee.


Message History

No target in view!
A kobold comes into view. It is wielding a +0 whip.
A kobold is nearby!
A kobold comes into view. It is wielding a +0 whip.
Found a club.
The kobold shouts!
A quokka comes into view.
You see here a +0 club.
There are monsters nearby!
You barely miss the kobold. Your headbutt misses the kobold.
The kobold barely misses you. The kobold hits you with a +0 whip.
There are monsters nearby!
You hit the kobold but do no damage. The kobold barely misses you.
There are monsters nearby!
You barely miss the kobold. The kobold barely misses you.
You barely miss the kobold. You barely miss the kobold.
You closely miss the kobold. The kobold hits you with a +0 whip.
The kobold closely misses you. You furiously retaliate!
You headbutt the kobold, but do no damage.
You hit the kobold.
The kobold is severely wounded.
You barely miss the kobold. The kobold barely misses you.
The kobold hits you with a +0 whip.
You are too injured to fight recklessly!
You are too injured to fight recklessly!
You are too injured to fight recklessly!
You are too injured to fight recklessly!
The kobold closely misses you. The kobold hits you with a +0 whip.
* * * LOW HITPOINT WARNING * * *
You hit the kobold but do no damage.
The kobold is severely wounded.
The kobold hits you with a +0 whip.
* * * LOW HITPOINT WARNING * * *
You closely miss the kobold. You headbutt the kobold.
You kill the kobold!
The kobold throws a stone.
The stone hits you but does no damage. The kobold hits you with a +0 whip.
You die...

### #.. #.# #.#####.
###########.......
#........@Kr#
#.#########.##
#.########..)#
#.#†..............).
#.#.######...###....
##.#.# ##.## .#
##.#..# #..
##.###.## ##. ##.##
##.## .


You could see a quokka and a kobold.

Vanquished Creatures
  A dart slug (D:1)
  A goblin (D:1)
  A hobgoblin (D:1)
  A kobold (D:1)
  A frilled lizard (D:1)
5 creatures vanquished.

Notes
Turn   | Place    | Note
-------+----------+-------------------------------------------
     0 | D:1      | soggyman666 the Minotaur Monk began the quest for the Orb.
     0 | D:1      | Reached XP level 1. HP: 19/19 MP: 0/0
   177 | D:1      | Slain by a kobold

Illustrated notes

Levels and vault maps discovered:
D:1:      amcnicky_arrival_gap_in_the_tavern_cellar, layout_loops_ring

Action                   || total
-------------------------++-------
Melee: Hand axe          ||    17
       Headbutt          ||     3
 Stab: Sleeping          ||     1
Armor: Robe              ||     1
Dodge: Dodged            ||     8

Table legend: (Time is in decaauts)
 A = Elapsed time spent in this place.
 B = Non-inter-level travel time spent in this place.
 C = Inter-level travel time spent in this place.
 D = Time resting spent in this place.
 E = Time spent auto-exploring this place.
 F = Levels seen in this place.
 G = Mean time per level.
                   A        B        C        D        E       F      G
               +--------+--------+--------+--------+--------+-----+--------+
         Total |    178 |    178 |      0 |      0 |    134 |   1 |  178.0 |
       Dungeon |    178 |    178 |      0 |      0 |    134 |   1 |  178.0 |
               +--------+--------+--------+--------+--------+-----+--------+

Top non-repeatable levels by time:
     D:1: 178 daAuts
